 Dungeon Crawl Stone Soup version 0.31.0-9-g3a7656b989 (webtiles) character file.

Game seed: 4457214973310698069

62 qw the Shooter (level 3, 0/20 HPs)
             Began as a Deep Elf Hunter on Feb 2, 2024.
             Slain by a kobold
             ... wielding a +0 short sword
              (2 damage)
             ... on level 3 of the Dungeon.
             The game lasted 00:00:05 (1897 turns).

qw the Shooter (Deep Elf Hunter)                    Turns: 1897, Time: 00:00:05

Health: 0/20       AC:  6    Str: 10    XL:     3   Next: 85%
Magic:  5/5        EV: 13    Int: 13    God:
Gold:   57         SH:  0    Dex: 24    Spells: 2/2 levels left

rFire   . . .        a - +1 shortbow (heavy)
rCold   . . .        (shield currently unavailable)
rNeg    . . .        c - +0 leather armour
rPois   .            g - +2 helmet
rElec   .            (no cloak)
rCorr   .            (no gloves)
SInv    .            (no boots)
Will    .....        (no amulet)
Stlth   ++           e - +6 ring of dexterity
HPRegen 0.23/turn    (no ring)
MPRegen 0.09/turn

%: no passive effects
@: no status effects
A: no striking features
a: no special abilities


You were on level 3 of the Dungeon.
You visited 1 branch of the dungeon, and saw 3 of its levels.

You collected 57 gold pieces.


   Skills:
 - Level 1.5 Fighting
 - Level 7.2 Ranged Weapons
 + Level 2.6 Dodging
 - Level 1.2 Stealth


You had 2 spell levels left.
You didn't know any spells.
Your spell library was empty.

Inventory:

Hand Weapons
 a - a +1 heavy shortbow (weapon)
Armour
 c - a +0 leather armour (worn)
 g - a +2 helmet (worn)
Jewellery
 e - a +6 ring of dexterity (left hand)
Scrolls
 f - a scroll of identify
Potions
 b - a potion of curing
 d - a potion of mutation {unknown}
 i - a potion of magic {unknown}

Dungeon Overview and Level Annotations

Branches:
Dungeon (3/15)

Altars:

Shops:
D:3 (


Message History

Found a knobbly iron ring.
You shoot an arrow. The arrow barely misses the kobold.
A kobold comes into view. It is wielding a +0 dagger.
The kobold barely misses you.
You shoot an arrow. The arrow hits the kobold.
The kobold is moderately wounded.
The kobold hits you with a +0 short sword.
The kobold hits you but does no damage.
You shoot an arrow. The arrow hits the kobold.
You kill the kobold!
The kobold hits you but does no damage. The kobold hits you with a +0 whip.
You shoot an arrow.
The arrow hits the kobold but does no damage.
The kobold hits you with a +0 short sword.
The kobold hits you but does no damage.
You shoot an arrow. The arrow completely misses the kobold.
The kobold barely misses you. x3; The kobold hits you but does no damage. x3
A kobold comes into view. It is wielding a +1 spear of venom.
The kobold closely misses you. The kobold misses you.
You shoot an arrow. The kobold shouts!
The arrow hits the kobold.
You kill the kobold!
The kobold barely misses you. The kobold misses you.
The kobold hits you but does no damage. The kobold barely misses you.
The kobold hits you but does no damage. x2
The kobold hits you with a +0 short sword.
You shoot an arrow. The arrow closely misses the kobold.
The kobold closely misses you. x4
You shoot an arrow. The arrow barely misses the kobold.
The kobold hits you but does no damage. The kobold misses you.
The kobold closely misses you.
The kobold hits you with a +0 short sword. x2
The kobold closely misses you. The kobold hits you with a +0 dagger.
The kobold hits you with a +0 short sword.
You shoot an arrow. The arrow hits the kobold!
You kill the kobold!
The kobold hits you but does no damage.
The kobold hits you with a +0 short sword.
You die...

...# #.## #.##
#..##.......# ...#
#..# =......# #..#
#..# .......# #..#
##.# ......# #..# #.#
.....# ...# #.##
#K..# ##.#
#..###K)'## ##.#
###....K@K..# ##.#
#.........### ...#
#.###.##..#
.########.##...#..#..
......\..............
.########.##.........
.# #.###.#...##.. .#
#.# #.##..# #. .# #.#
#.# #.#


You could see 4 kobolds.

Vanquished Creatures
  2 adders (D:2)
  A dart slug (D:2)
  7 ball pythons
  5 bats
  3 endoplasms
  2 giant cockroaches (D:2)
  4 goblins
  4 hobgoblins
  A quokka (D:2)
  3 frilled lizards
  5 kobolds
  5 rats
42 creatures vanquished.

Notes
Turn   | Place    | Note
-------+----------+-------------------------------------------
     0 | D:1      | qw the Deep Elf Hunter began the quest for the Orb.
     0 | D:1      | Reached XP level 1. HP: 12/12 MP: 3/3
     0 | D:1      | 0 ||| qw: Version: 0.3-a-155-g5e7d8dd
     0 | D:1      | 0 ||| qw: Game counter: 289
     0 | D:1      | 0 ||| qw: Melee chars always use a shield: true
     0 | D:1      | 0 ||| qw: God list: Okawaru
     0 | D:1      | 0 ||| qw: Allow faded altars: false
     0 | D:1      | 0 ||| qw: Do Orc after clearing Dungeon:15 true
     0 | D:1      | 0 ||| qw: Do second Lair branch before Depths: true
     0 | D:1      | 0 ||| qw: Lair rune preference: random
     0 | D:1      | 0 ||| qw: Goals: Normal
     0 | D:1      | 0 ||| PLANNING D:1-11
   699 | D:1      | 699 ||| UPGRADING to +0 helmet.
   704 | D:1      | 704 ||| READING scroll labelled GIEPHITIOG.
   805 | D:1      | 805 ||| READING scroll labelled UPLIM WUWELURCH.
   806 | D:1      | 806 ||| READING scroll labelled NIHAPPANOE.
   806 | D:1      | 806 ||| ENCHANTING +0 shortbow.
   807 | D:1      | 807 ||| READING scroll labelled ELOEME WEIDA.
   808 | D:1      | 808 ||| READING scroll labelled OTHROF DENUI.
   808 | D:1      | 808 ||| ENCHANTING +0 helmet.
   809 | D:1      | 809 ||| DROPPING scroll of butterflies.
   870 | D:2      | Reached XP level 2. HP: 16/16 MP: 4/4
   873 | D:2      | Reached skill level 6 in Ranged Weapons
   881 | D:2      | 881 ||| FLEEEEING.
   882 | D:2      | 882 ||| FLEEEEING.
   883 | D:2      | 883 ||| FLEEEEING.
   884 | D:2      | 884 ||| FLEEEEING.
   885 | D:2      | 885 ||| FLEEEEING.
   886 | D:2      | 886 ||| FLEEEEING.
   887 | D:2      | 887 ||| FLEEEEING.
   888 | D:2      | 888 ||| FLEEEEING.
   889 | D:2      | 889 ||| FLEEEEING.
   890 | D:2      | 890 ||| STAIRDANCE
  1383 | D:2      | Reached XP level 3. HP: 20/20 MP: 5/5
  1424 | D:2      | Reached skill level 7 in Ranged Weapons
  1607 | D:2      | 1607 ||| UPGRADING to +6 ring of dexterity.
  1608 | D:2      | 1608 ||| READING scroll labelled RATOR VARR.
  1608 | D:2      | 1608 ||| BRANDING +1 shortbow.
  1609 | D:2      | 1609 ||| READING 3 scrolls labelled MEJUEK DUEL.
  1609 | D:2      | 1609 ||| IDENTIFYING clear potion
  1610 | D:2      | 1610 ||| READING 2 scrolls of identify.
  1610 | D:2      | 1610 ||| IDENTIFYING viscous sapphire potion
  1611 | D:2      | 1611 ||| READING scroll of identify.
  1611 | D:2      | 1611 ||| IDENTIFYING viscous emerald potion
  1612 | D:2      | 1612 ||| READING scroll labelled NIQUATIY PAUC.
  1713 | D:2      | 1713 ||| DROPPING potion of lignification.
  1714 | D:2      | 1714 ||| DROPPING potion of attraction.
  1850 | D:3      | Found Deluytt's Antique Weapon Shoppe.
  1873 | D:3      | 1873 ||| READING scroll of enchant armour.
  1873 | D:3      | 1873 ||| ENCHANTING +1 helmet.
  1896 | D:3      | HP: 2/20 [kobold/+0 short sword (4)]
  1897 | D:3      | Slain by a kobold

Levels and vault maps discovered:
D:1:      minmay_arrival_stair_chambers, layout_basic
D:2:      minmay_evil_eye, layout_basic, minmay_hexomino_p4
D:3:      cheibrodos_fertilizer, layout_loops_corners, vehumet_crystals,
          serial_shops, shop, uniq_pargi, uniq_jessica

Skill      XL: |  1  2  3 |
---------------+----------+-----
Ranged Weapons | 6 7 |  7.2
Fighting       | |  1.5
Dodging        | |  2.6
Stealth        | |  1.2

Action                     || total
---------------------------++-------
   Fire: Shortbow          ||    91
    Use: Scroll            ||    11
 Armour: Leather armour    ||    27
  Dodge: Dodged            ||    29

Table legend:
 A = Non-vault XP
 B = Vault XP
 C = Vault XP percentage of total XP
 D = Non-vault monster count
 E = Vault monster count
 F = Vault count percentage of total count
                 A         B        C        D         E       F
            +---------+---------+-------+---------+---------+-------
      Total |      59 |      31 |  34.4 |      29 |      13 |  31.0
            +---------+---------+-------+---------+---------+-------
        D:1 |       9 |       0 |   0.0 |       5 |       0 |   0.0
        D:2 |      45 |      27 |  37.5 |      20 |      10 |  33.3
        D:3 |       5 |       4 |  44.4 |       4 |       3 |  42.9
            +---------+---------+-------+---------+---------+-------
